 Dungeon Crawl Stone Soup version 0.25-a0-566-g062765be81 (webtiles) character file.

Game seed: 8796652924254477748, levelgen mode: deterministic

1364 Flugslaktarn the Chopper (level 8, -12/70 HPs)
             Began as a Minotaur Fighter on Feb 28, 2020.
             Was a Believer of Makhleb.
             Mangled by an orc warrior
             ... wielding a +0 scimitar
              (21 damage)
             ... on level 6 of the Dungeon.
             The game lasted 00:02:18 (4689 turns).

Flugslaktarn the Chopper (Minotaur Fighter)         Turns: 4689, Time: 00:02:19

Health: -12/70     AC:  8    Str: 22      XL:     8   Next: 38%
Magic:  8/8        EV: 10    Int:  5      God:    Makhleb [**....]
Gold:   170        SH: 10    Dex: 10 (11) Spells: 7/7 levels left

rFire    . . .     SeeInvis .   a - +0 war axe
rCold    . . .     Gourm    .   c - +0 kite shield
rNeg     . . .     Faith    .   b - +0 scale mail
rPois    .         Spirit   .   (helmet restricted)
rElec    .         Reflect  .   (no cloak)
rCorr    .         Harm     .   n - +0 pair of gloves
MR       .....                  (no boots)
Stlth    ..........             o - amulet of regeneration
HPRegen  0.61/turn              (no ring)
MPRegen  0.11/turn              v - +3 ring of evasion

@: heavily drained
A: retaliatory headbutt, horns 2, deterioration 1, low mp 1, wild magic 1
a: Minor Destruction, Renounce Religion


You were on level 6 of the Dungeon.
You worshipped Makhleb.
Makhleb was pleased with you.
You were hungry.

You visited 1 branch of the dungeon, and saw 6 of its levels.

You collected 170 gold pieces.

Inventory:

Hand Weapons
 a - a +0 war axe (weapon)
Armour
 b - a +0 scale mail (worn)
 c - a +0 kite shield (worn)
 n - a +0 pair of gloves (worn)
   (You found it on level 3 of the Dungeon)
Jewellery
 j - an uncursed amulet of the gourmand {unknown}
   (You found it on level 6 of the Dungeon)
 o - an amulet of regeneration (around neck)
   (You found it on level 5 of the Dungeon)
 p - an uncursed amulet of harm
   (You found it on level 4 of the Dungeon)
 v - a +3 ring of evasion (right hand)
   (You found it on level 5 of the Dungeon)
Wands
 i - a wand of iceblast (8)
   (You found it on level 5 of the Dungeon)
Scrolls
 l - a scroll of enchant weapon {unknown}
 r - a scroll of identify
 t - 4 scrolls of teleportation
 w - a scroll of remove curse
 z - 2 scrolls of blinking
Potions
 d - 2 potions of might
 f - a potion of brilliance
 h - 3 potions of heal wounds
 k - 2 potions of haste
 m - a potion of lignification
 q - a potion of curing
Comestibles
 e - 6 rations
 g - a chunk of flesh


   Skills:
 + Level 6.1(4.6) Fighting
 * Level 7.6(6.0) Axes
 + Level 6.3(4.7) Armour
 + Level 6.1(4.6) Shields
 + Level 3.6(2.2) Invocations


You had 7 spell levels left.
You didn't know any spells.
Your spell library was empty.

Dungeon Overview and Level Annotations

Branches:
Dungeon (6/15)             Temple (0/1) D:5

Altars:
Cheibriados
Elyvilon
Hepliaklqana
Kikubaaqudgha
Makhleb
Trog
Vehumet
Wu Jian
Xom
The Shining One

Annotations:
D:6 1 exclusion


Innate Abilities, Weirdness & Mutations

You reflexively headbutt those who attack you in melee.
You have a pair of horns on your head.
Your body sometimes deteriorates upon taking damage.
Your magical capacity is low. (-10% MP)
Your spells are a little harder to cast, but a little more powerful.


Message History

You headbutt the orc warrior, but do no damage.
You block the orc warrior's attack.
The orc warrior hits you with a +0 scimitar.
* * * LOW HITPOINT WARNING * * *
You hit the orc warrior.
You headbutt the orc warrior, but do no damage.
The orc warrior is lightly wounded.
You block the orc warrior's attack.
You hit the orc warrior but do no damage.
Your headbutt misses the orc warrior.
The orc warrior is lightly wounded.
The orc warrior hits you with a +0 scimitar!
* * * LOW HITPOINT WARNING * * *
You barely miss the orc warrior.
The orc warrior is lightly wounded.
The orc warrior closely misses you.
You hit the orc warrior.
The orc warrior is moderately wounded.
The orc warrior hits you with a +0 scimitar!!
You die...

### ###########.#
#..†....)o@.#
#.#########.# #.#
##### #.# #.# #...#
#.#
#######.###.#.###.#
............._..#.#
.....♣...>..#.#...#
...........##...###
....♣.♣....######


You could see an orc warrior.

Vanquished Creatures
  Menkaure (D:4)
  A water moccasin (D:3)
  4 ogres
  A phantom (D:5)
  2 bullfrogs (D:6)
  A scorpion (D:5)
  A crimson imp (D:4)
  A quasit (D:5)
  An orc priest (D:3)
  A hound (D:6)
  4 orc wizards
  An iguana (D:6)
  5 worker ants (D:4)
  5 gnolls
  4 adders
  2 worms
  A dart slug (D:4)
  A leopard gecko (D:4)
  12 orcs
  4 bats
  6 giant cockroaches
  2 goblins
  7 hobgoblins
  2 jackals (D:3)
  3 kobolds
  3 quokkas
  7 frilled lizards
  A leopard gecko skeleton (D:4)
  5 rats
89 creatures vanquished.

Vanquished Creatures (others)
  An orc (D:6)
1 creature vanquished.

Grand Total: 90 creatures vanquished

Notes
Turn   | Place    | Note
-------+----------+-------------------------------------------
     0 | D:1      | Flugslaktarn the Minotaur Fighter began the quest for the
                  | Orb.
     0 | D:1      | Reached XP level 1. HP: 19/19 MP: 0/0
   210 | D:2      | Found a burning altar of Makhleb.
   219 | D:2      | Reached skill level 3 in Axes
   219 | D:2      | Reached XP level 2. HP: 21/27 MP: 1/1
   226 | D:2      | Became a worshipper of Makhleb the Destroyer
   312 | D:2      | Reached XP level 3. HP: 30/33 MP: 2/2
   395 | D:2      | Found an ornate altar of the Wu Jian Council.
   742 | D:3      | Reached skill level 1 in Invocations
   742 | D:3      | Reached XP level 4. HP: 34/40 MP: 3/3
  1016 | D:3      | Reached * piety under Makhleb
  1034 | D:3      | Noticed a water moccasin
  1047 | D:3      | Killed a water moccasin
  1047 | D:3      | Reached skill level 4 in Axes
  1047 | D:3      | Reached XP level 5. HP: 21/47 MP: 3/5
  1995 | D:4      | Found a shimmering altar of Xom.
  2114 | D:4      | Found an ancient bone altar of Kikubaaqudgha.
  2177 | D:4      | Found a snail-covered altar of Cheibriados.
  2270 | D:4      | Noticed Menkaure
  2277 | D:4      | Killed Menkaure
  2277 | D:4      | Reached skill level 5 in Axes
  2277 | D:4      | Reached skill level 5 in Armour
  2277 | D:4      | Reached XP level 6. HP: 6/55 MP: 6/6
  2717 | D:4      | Reached skill level 5 in Fighting
  2717 | D:4      | Reached skill level 5 in Shields
  2724 | D:4      | Reached XP level 7. HP: 37/61 MP: 7/7
  2871 | D:4      | Found a glowing golden altar of the Shining One.
  3049 | D:4      | Reached skill level 6 in Axes
  3135 | D:5      | Entered Level 5 of the Dungeon
  3315 | D:5      | Found a staircase to the Ecumenical Temple.
  3581 | D:5      | Gained mutation: Your body sometimes deteriorates upon
                  | taking damage. [potion of mutation]
  3581 | D:5      | Gained mutation: Your magical capacity is low. (-10% MP)
                  | [potion of mutation]
  3581 | D:5      | Gained mutation: Your spells are a little harder to cast,
                  | but a little more powerful. [potion of mutation]
  3627 | D:5      | Found a bloodstained altar of Trog.
  3942 | D:5      | Found a hazy altar of Hepliaklqana.
  3990 | D:5      | Found a white marble altar of Elyvilon.
  4062 | D:6      | Reached skill level 7 in Axes
  4062 | D:6      | Reached XP level 8. HP: 43/70 MP: 8/8
  4248 | D:6      | Reached ** piety under Makhleb
  4401 | D:6      | Found a radiant altar of Vehumet.
  4497 | D:6      | Found Tuydudaroxu's Book Shop.
  4504 | D:6      | Found a snail-covered altar of Cheibriados.
  4689 | D:6      | Mangled by an orc warrior

Levels and vault maps discovered:
D:1:      tarquinn_simple_flora_water_b, layout_loops_ring
D:2:      layout_basic, nicolae_overflow_crystal_walls, lemuel_round_altar
D:3:      layout_basic
D:4:      minmay_angry_zag, layout_loops_ring, nicolae_tso_carved_into_rock,
          lemuel_crystal_altar, kiku_gazebo_garden_becter, first_ration,
          cheibriados_altar_1, uniq_menkaure
D:5:      layout_rooms, kennysheep_mini_moat, kennysheep_mini,
          minmay_temple_entry_drinking_statues, trog_book
D:6:      layout_basic, lemuel_crystal_altar, fiery_altar_vehumet,
          kennysheep_okawaru_gauntlet, serial_shops, nicolae_shop_trees,
          basic_altar, uniq_maggie

Skill      XL: |  1  2  3  4  5  6  7  8 |
---------------+-------------------------+-----
Axes           | 3 4 5 7 |  7.6
Armour         | 4 5 6 |  6.3
Fighting       | 4 5 6 |  6.1
Shields        | 4 5 6 |  6.1
Invocations    | 1 2 3 |  3.6

Action                   |  1- 3 |  4- 6 |  7- 9 || total
-------------------------+-------+-------+-------++-------
Melee: War axe           |    57 |    67 |    97 ||   221
       Headbutt          |     9 |     6 |    25 ||    40
  Use: Scroll            |       |       |     9 ||     9
       Potion            |       |       |     1 ||     1
  Eat: Chunk             |       |     4 |     4 ||     8
       Ration            |       |     1 |       ||     1
Armor: Scale mail        |    19 |    21 |    46 ||    86
Dodge: Dodged            |    16 |    26 |    52 ||    94
Block: Kite shield       |    32 |    49 |    63 ||   144

Table legend:
 A = Non-vault XP
 B = Vault XP
 C = Vault XP percentage of total XP
 D = Non-vault monster count
 E = Vault monster count
 F = Vault count percentage of total count
                 A         B        C        D         E       F
            +---------+---------+-------+---------+---------+-------
      Total |    1758 |     191 |   9.8 |      85 |       4 |   4.5
            +---------+---------+-------+---------+---------+-------
        D:1 |       2 |       0 |   0.0 |       2 |       0 |   0.0
        D:2 |      65 |       0 |   0.0 |      16 |       0 |   0.0
        D:3 |     231 |       0 |   0.0 |      23 |       0 |   0.0
        D:4 |     370 |     191 |  34.0 |      12 |       4 |  25.0
        D:5 |     468 |       0 |   0.0 |      15 |       0 |   0.0
        D:6 |     622 |       0 |   0.0 |      17 |       0 |   0.0
            +---------+---------+-------+---------+---------+-------
